 Dungeon Crawl Stone Soup version 0.30.0-29-ga12c61a403 (webtiles) character file.

Game seed: 6177614740039141794

1570 monsoonserge the Covered (level 8, 0/50 HPs)
             Began as a Gargoyle Fighter on June 21, 2023.
             Was a Follower of Okawaru.
             Killed from afar by an orc wizard (7 damage)
             ... with a magic dart
             ... on level 6 of the Dungeon.
             The game lasted 00:17:52 (5328 turns).

monsoonserge the Covered (Gargoyle Fighter)         Turns: 5328, Time: 00:17:53

Health: 0/50       AC: 23    Str: 22    XL:     8   Next: 90%
Magic:  8/8        EV:  7    Int: 16    God:    Okawaru [*.....]
Gold:   376        SH:  0    Dex:  9    Spells: 7/7 levels left

rFire   . . .        y - +6 dire flail (holy)
rCold   . . .        (shield currently unavailable)
rNeg    + . .        E - +0 plate armour
rPois   ∞            m - +1 helmet "Pidd" {+Blink}
rElec   +            u - +0 cloak
rCorr   +            J - +1 pair of gloves of Shadows and Fog {Harm +Blink Int+7}
SInv    .            (no boots)
Will    .....        H - amulet of magic regeneration Stlth
                     j - ring of resist corrosion
HPRegen 0.28/turn    (no ring)
MPRegen 0.51/turn

%: harm (+30% outgoing, +20% incoming)
@: confused
A: sickness immunity, AC +5, negative energy resistance 1, electricity
resistance, torment resistance 1, petrification resistance
a: Renounce Religion, Evoke Blink, Heroism


You were on level 6 of the Dungeon.
You worshipped Okawaru.
Okawaru was aware of your devotion.
You visited 1 branch of the dungeon, and saw 6 of its levels.
You also visited: Sewer.

You collected 376 gold pieces.

Inventory:

Hand Weapons
 a - a +0 war axe
 y - a +6 dire flail of holy wrath (weapon)
Missiles
 i - 7 boomerangs (quivered)
 k - 4 atropa-tipped darts
 x - 2 poisoned darts
 I - a throwing net
Armour
 c - a +0 buckler
 m - the +1 helmet "Pidd" (worn) {+Blink}
   (You found it on level 2 of the Dungeon)

   +Blink:    It lets you blink.
 u - a +0 cloak (worn)
 E - a +0 plate armour (worn)
 J - the +1 pair of gloves of Shadows and Fog (worn) {Harm +Blink Int+7}
   (You found it on level 6 of the Dungeon)

   Int:       It affects your intelligence (+7).
   +Blink:    It lets you blink.
   Harm:      It increases damage dealt and taken.
Jewellery
 j - a ring of resist corrosion (left hand)
 H - an amulet of magic regeneration (around neck)
Wands
 w - a wand of polymorph (10)
 B - a wand of mindburst (9)
Scrolls
 b - a scroll of acquirement {unknown}
 e - 2 scrolls of magic mapping {unknown}
 g - 2 scrolls of fog {unknown}
 h - 7 scrolls of identify {unknown}
 l - 2 scrolls of teleportation {unknown}
 o - a scroll of enchant weapon {unknown}
 q - 2 scrolls of amnesia {unknown}
 r - 3 scrolls of enchant armour {unknown}
 s - 3 scrolls of blinking {unknown}
 v - a scroll of vulnerability {unknown}
 z - a scroll of poison {unknown}
 A - a scroll of fear {unknown}
Potions
 d - a potion of might
 f - 6 potions of flight
 n - 3 potions of berserk rage
 p - 2 potions of heal wounds {unknown}
 t - a potion of lignification {unknown}
 C - a potion of magic {unknown}
 D - 2 potions of brilliance {unknown}
 F - a potion of haste {unknown}
 G - a potion of ambrosia {unknown}


   Skills:
 + Level 5.4 Fighting
 - Level 4.8(5.7) Axes
 + Level 4.9(6.0) Maces & Flails
 + Level 0.7 Throwing
 + Level 5.6 Armour
 + Level 1.6 Dodging
 + Level 1.0 Stealth
 - Level 4.0 Shields
 * Level 3.8 Evocations


You had 7 spell levels left.
You didn't know any spells.
Your spell library contained the following spells:

 Spells                   Type           Power      Damage    Failure   Level
 Apportation              Tloc           0%         N/A       99%         1
 Necrotise                Necr           0%         1d4       99%         1
 Shock                    Conj/Air       0%         1d3       99%         1
 Slow                     Hex            0%         N/A       99%         1
 Confusing Touch          Hex            0%         N/A       100%        3
 Swiftness                Air            0%         N/A       100%        3
 Vampiric Draining        Necr           0%         2d6       100%        3
 Airstrike                Air            0%         2d(0-16)  100%        4
 Summon Small Mammal      Summ           Unusable   N/A       N/A         1

Dungeon Overview and Level Annotations

Branches:
Dungeon (6/15)              Sewer (visited)
 Temple: D:4-7

Altars:
Ashenzari
Cheibriados
Okawaru
Qazlal


Innate Abilities, Weirdness & Mutations

You are immune to sickness and miasma.
Your stone body is resilient. (AC +5)
You are immune to poison.
You resist negative energy. (rN+)
You are resistant to electric shocks. (rElec)
You are resistant to unholy torment.
You are immune to petrification.


Message History

The magic dart hits you but does no damage.
An orc warrior comes into view. It is wielding a +0 halberd.
You hear a shout!
You hear a bark!
An orc wizard comes into view. It is wielding a +0 dagger.
The orc wizard shouts!
The orc wizard gestures at you while chanting.
You are confused.
An orc priest comes into view. It is wielding a +0 hand axe.
The orc wizard moves out of view.
The orc priest shouts!
You hear a shout!
The orc warrior hits you from afar with a +0 halberd!
The orc wizard mumbles some strange words.
The orc wizard flickers and vanishes!
Deactivating autopickup; reactivate with Ctrl-A.
The orc wizard barely misses you.
The orc wizard gestures at you while chanting.
The magic dart hits you!
You sock the orc wizard!
The orc wizard is almost dead.
The orc wizard hits you but does no damage.
The orc warrior hits you but does no damage.
The orc priest calls down the wrath of Beogh upon you.
Beogh smites you! The orc wizard casts a spell at you.
You resist with some effort.
You puncture the orc wizard!
You kill the orc wizard!
Okawaru accepts your kill.
The orc wizard hits you but does no damage.
You hear some strange, mumbled words.
Something tries to affect you, but you resist.
The orc priest invokes the aid of Beogh against you.
Beogh smites you!
* * * LOW HITPOINT WARNING * * *
The orc warrior hits you but does no damage.
You closely miss something.
The orc wizard gestures at you while chanting.
The magic dart hits you.
You die...

.# #... ##
..##... .##
.......#..##
...........
#.#........
#.# #..o..#
#.# #..){o#
#.# #@o# #.#
#..# #.# #..#
##
#.####♣♣.♣♣
..
#.....♣#'#♣.#
#.
#.###..'_'.?#
#. #.#
##♣#'#♣.# #.
#.# ♣.♣♣ #
#.######.#
#..#


You could see an orc warrior, an orc priest and an orc wizard.

Vanquished Creatures
  Grinder (D:4)
  Edmund (D:5)
  A water moccasin (D:5)
  An ice beast (D:6)
  A sky beast (D:5)
  A phantom (D:4)
  A bullfrog (D:6)
  A kobold brigand (D:4)
  2 scorpions (D:4)
  A jelly (D:6)
  An orc priest (D:3)
  3 hounds
  Crazy Yiuf (D:3)
  Jessica (D:3)
  4 iguanas
  An orc wizard (D:6)
  Robin (D:3)
  4 gnolls
  11 adders
  3 river rats (Sewer)
  A shadow imp (D:5)
  An ufetubus (D:4)
  A worm (D:2)
  2 dart slugs
  6 orcs
  10 bats
  5 endoplasms
  5 giant cockroaches
  8 hobgoblins
  17 jackals
  9 quokkas
  15 ball pythons
  4 frilled lizards (Sewer)
  14 goblins
  6 kobolds
  8 rats
153 creatures vanquished.

Notes
Turn   | Place    | Note
-------+----------+-------------------------------------------
     0 | D:1      | monsoonserge the Gargoyle Fighter began the quest for the
                  | Orb.
     0 | D:1      | Reached XP level 1. HP: 14/14 MP: 1/1
    80 | D:1      | Reached XP level 2. HP: 19/19 MP: 2/2
   155 | D:1      | Reached XP level 3. HP: 23/23 MP: 3/3
   822 | D:2      | Reached XP level 4. HP: 4/29 MP: 4/4
   938 | D:2      | Found a broken altar of Ashenzari.
   989 | D:2      | Identified the +1 helmet "Pidd" {+Blink}
  1921 | D:3      | Noticed Jessica
  1924 | D:3      | Killed Jessica
  1925 | D:3      | Reached skill level 1 in Evocations
  1925 | D:3      | Reached XP level 5. HP: 33/33 MP: 5/5
  1985 | D:3      | Found a runed translucent door.
  1986 | D:3      | Noticed Crazy Yiuf
  2192 | D:3      | Noticed Robin
  2229 | D:3      | Killed Robin
  2476 | D:3      | Found a faded altar of an unknown god.
  2671 | D:3      | Killed Crazy Yiuf
  2672 | D:3      | Reached XP level 6. HP: 5/38 MP: 1/6
  2881 | D:4      | Noticed Grinder
  3019 | D:4      | Noticed Edmund
  3025 | D:4      | Reached XP level 7. HP: 44/44 MP: 7/7
  3026 | D:5      | Entered Level 5 of the Dungeon
  3038 | D:5      | Killed Edmund
  3039 | D:5      | Reached skill level 1 in Dodging
  3053 | D:5      | Identified the +9 long sword of Destruction {freeze,
                  | Fragile Fly rCorr Str+2}
  3069 | D:4      | Found a glowing drain.
  3102 | Sewer    | Entered a sewer
  3312 | Sewer    | Reached skill level 1 in Maces & Flails
  3901 | D:4      | Found a stormy altar of Qazlal.
  3902 | D:4      | Found a broken altar of Ashenzari.
  3904 | D:4      | Found an iron altar of Okawaru.
  3937 | D:4      | Became a worshipper of Warmaster Okawaru
  3970 | D:4      | Killed Grinder
  3971 | D:4      | Reached skill level 5 in Fighting
  3971 | D:4      | Reached skill level 5 in Armour
  3971 | D:4      | Reached XP level 8. HP: 46/49 MP: 8/8
  4556 | D:5      | Reached * piety under Okawaru
  4693 | D:5      | Reached skill level 1 in Stealth
  5256 | D:6      | Identified the +1 pair of gloves of Shadows and Fog {Harm
                  | +Blink Int+7}
  5315 | D:6      | Found a snail-covered altar of Cheibriados.
  5328 | D:6      | Killed from afar by an orc wizard

Illustrated notes

Levels and vault maps discovered:
D:1:      dpeg_arrival_rooms_c, layout_rooms
D:2:      layout_basic, basic_altar, corexii_leaking_fountain, hex_medium,
          minmay_quantized
D:3:      layout_rooms, nicolae_ecumenical_lake_church, uniq_robin,
          uniq_crazy_yiuf_cottage, uniq_jessica
D:4:      layout_rooms, gammafunk_temple_overflow_claw, portal_sewer_entry_f,
          minmay_misc_feat_hallway, kennysheep_big_empty_room, uniq_edmund,
          uniq_grinder
D:5:      layout_gridville, minivault_24
D:6:      layout_loops_ring, kennysheep_mini_moat

Skill      XL: |  1  2  3  4  5  6  7  8 |
---------------+-------------------------+-----
Axes           | 2 3 4 |  4.8
Fighting       | 4 5 |  5.4
Armour         | 4 5 |  5.6
Evocations     | 1 2 3 |  3.8
Shields        | 4 |  4.0
Dodging        | 1 |  1.6
Maces & Flails | 2 4 |  4.9
Stealth        | 1 |  1.0
Throwing       | |  0.7

Action                     |  1- 3 |  4- 6 |  7- 9 || total
---------------------------+-------+-------+-------++-------
  Melee: War axe           |    76 |   183 |    12 ||   271
         Dire flail        |       |       |   200 ||   200
  Throw: Boomerang         |       |     3 |     7 ||    10
Ability: Evoke Blink       |       |     3 |       ||     3
    Use: Potion            |       |     1 |       ||     1
 Armour: Scale mail        |    57 |   149 |   111 ||   317
         Plate armour      |       |       |    41 ||    41
  Dodge: Dodged            |    56 |   113 |   135 ||   304
  Block: Buckler           |    23 |    43 |     5 ||    71
